Map: Simulacrum LE

Players

Methyle - Winner!

  • Race: Terran Terran
  • League: Platinum
  • Spawn Location: 5:00

A.I. 1 (Medium)

  • Race: Terran Terran
  • Spawn Location: 11:00

VOD

Have the link to the VOD?

Description

Time

  • Played on: April 14, 2020, 3:06 p.m.
  • Length: 13:10
Show
View Real Time Build Order
Export as new Build Order

Methyle Terran - Winner!

Build Orders: Reaper Expand, Mech 

Get SALT Encoding   

  12  0:01  SCV  
  13  0:13  SCV  
  14  0:17  Supply Depot  
  14  0:25  SCV  
  15  0:37  Refinery  
  15  0:39  SCV  
  16  0:45  Barracks  
  16  0:51  SCV  
  17  1:03  SCV  
  18  1:15  SCV  
  19  1:32  Orbital Command  
  19  1:36  Reaper  
  20  1:44  Command Center  
  20  1:59  Factory  
  20  2:00  SCV  
  21  2:07  Refinery  
  21  2:19  SCV  
  22  2:25  Supply Depot  
  22  2:30  Barracks Tech Lab  
  22  2:31  SCV  
  23  2:38  Engineering Bay  
  23  2:46  SCV  
  23  2:58  SCV  
  23  3:01  Starport  
  23  3:04  Orbital Command  
  24  3:06  Siege Tank  
  24  3:07  Barracks Tech Lab  
  27  3:17  SCV  
  28  3:23  Refinery  
  28  3:29  SCV  
  29  3:36  Armory  
  29  3:38  Barracks Tech Lab  
  29  3:43  Missile Turret  
  29  3:45  SCV x2  
  31  4:01  Command Center  
  31  4:18  Factory  
  31  4:20  SCV x2  
  33  4:26  Marine, Supply Depot  
  33  4:29  Cyclone  
  37  4:40  Raven  
  39  4:46  SCV x2  
  41  4:58  SCV x2  
  43  5:02  Supply Depot  
  43  5:03  Supply Depot, Terran Vehicle And Ship Armor Level 1  
  43  5:05  Cyclone  
  46  5:10  SCV  
  46  5:12  Barracks Tech Lab  
  47  5:15  Orbital Command  
  47  5:17  Factory  
  47  5:25  Supply Depot  
  47  5:28  Supply Depot  
  47  5:36  Orbital Command  
  47  5:39  Factory  
  47  5:44  Barracks Tech Lab  
  47  5:46  Cyclone  
  50  5:53  Supply Depot  
  50  5:57  Refinery  
  50  5:58  SCV x2  
  50  6:03  SCV  
  53  6:10  SCV x2  
  55  6:11  Viking  
  55  6:13  Cyclone  
  60  6:26  Cyclone  
  60  6:27  SCV x2  
  60  6:28  SCV  
  60  6:29  Barracks Reactor  
  60  6:31  Refinery  
  66  6:42  Missile Turret, SCV x2  
  66  6:43  Missile Turret, SCV  
  66  6:45  Viking  
  71  6:54  SCV  
  71  6:56  Missile Turret  
  71  6:59  SCV x2  
  74  7:04  Cyclone x3  
  74  7:07  SCV  
  84  7:11  SCV x2  
  83  7:23  SCV x2  
  83  7:24  SCV  
  86  7:43  SCV  
  87  7:48  SCV  
  87  7:49  Command Center, SCV  
  87  7:50  Command Center  
  89  7:51  Refinery  
  89  7:52  Cyclone x2  
  89  7:55  SCV  
  89  7:56  Thor  
  102  7:58  Viking  
  102  8:02  Fusion Core  
  104  8:07  Marine x2  
  106  8:15  Mag-Field Accelerator  
  106  8:21  Supply Depot x2  
  106  8:22  Supply Depot, Terran Vehicle And Ship Armor Level 2  
  106  8:23  Supply Depot  
  106  8:25  Marine, Supply Depot, Armory  
  107  8:33  SCV x2  
  109  8:42  SCV  
  109  8:44  Cyclone x2  
  109  8:45  SCV  
  117  8:53  Supply Depot  
  117  8:58  Supply Depot  
  117  9:02  Marine x2  
  119  9:04  Orbital Command x2  
  119  9:19  Marine  
  120  9:33  Orbital Command  
  120  9:40  Refinery  
  120  9:43  SCV x3  
  120  9:44  Thor x2, Refinery  
  120  9:45  Thor x2  
  147  9:46  Marine  
  147  9:47  Marine  
  149  9:55  Orbital Command  
  149  10:06  Starport x2  
  149  10:08  Starport  
  149  10:11  Supply Depot  
  149  10:13  Smart Servos  
  149  10:17  SCV x2  
  149  10:18  SCV x2  
  153  10:27  Thor  
  159  10:29  SCV  
  160  10:38  Marine x2  
  160  10:39  Cyclone x2  
  160  10:40  Cyclone  
  171  10:56  Marine  
  172  11:10  Cyclone  
  168  11:11  Cyclone x2  
  168  11:12  Starport Tech Lab x3, Cyclone  
  167  11:25  Viking  
  167  11:28  Marine x2  
  171  11:42  Cyclone  
  171  11:43  Cyclone x2  
  171  11:44  Cyclone  
  171  11:45  Marine  
  171  11:46  Marine  
  184  11:59  SCV  
  184  12:00  SCV x2  
  186  12:06  Refinery  
  186  12:09  Refinery  
  186  12:15  Hellion  
Show
View Real Time Build Order
Export as new Build Order

A.I. 1 (Medium) Terran 

Build Orders:  

Get SALT Encoding   

  12  0:00  SCV  
  13  0:13  SCV  
  14  0:18  Supply Depot  
  14  0:25  SCV  
  15  0:40  SCV  
  15  0:42  Barracks  
  16  0:50  Refinery  
  16  0:52  SCV  
  17  1:04  SCV  
  18  1:16  Supply Depot  
  18  1:29  Orbital Command  
  18  1:30  Marine  
  19  1:34  Barracks  
  19  1:43  Refinery  
  19  1:49  Barracks Tech Lab  
  19  2:06  Marine  
  20  2:11  Supply Depot  
  20  2:24  Marine  
  21  2:30  Marine  
  22  2:42  Marine  
  23  2:47  Supply Depot  
  23  2:53  Marine  
  24  2:59  SCV  
  24  3:04  Marine  
  26  3:11  SCV  
  27  3:16  Marine  
  27  3:18  Engineering Bay  
  28  3:23  SCV  
  29  3:28  Marauder  
  31  3:35  SCV  
  31  3:39  Marine  
  33  3:47  SCV  
  34  3:50  Marine  
  34  3:51  Supply Depot  
  35  3:59  SCV  
  35  4:01  Marine  
  37  4:13  Marauder  
  39  4:35  Marauder  
  41  6:30  Barracks Tech Lab  
  41  6:32  Factory  
  41  6:35  Factory  
  41  6:38  Supply Depot, Command Center  
  41  6:40  Missile Turret  
  41  6:42  Missile Turret  
  41  6:47  Sensor Tower  
  41  6:50  Barracks  
  41  7:03  Bunker  
  41  7:13  Marine  
  32  7:20  Starport, Factory Tech Lab x2  
  32  7:22  Armory  
  25  7:25  Marine  
  26  7:37  Marine  
  26  7:38  Barracks Reactor  
  27  7:49  Marine  
  27  7:50  SCV  
  29  7:53  SCV  
  30  7:59  Missile Turret, Starport Tech Lab  
  30  8:01  Missile Turret, Marine  
  30  8:03  SCV  
  30  8:04  Refinery  
  32  8:05  SCV  
  32  8:07  Refinery  
  33  8:14  Marine  
  33  8:15  SCV  
  33  8:17  Raven  
  33  8:18  SCV  
  38  8:22  Bunker  
  38  8:26  Marine  
  39  8:27  SCV  
  39  8:30  SCV  
  41  8:38  Marine  
  41  8:39  SCV  
  43  8:42  SCV  
  44  8:50  Siege Tank  
  44  8:51  SCV  
  44  8:54  SCV  
  49  9:00  Raven  
  54  9:02  Siege Tank  
  54  9:03  SCV  
  54  9:06  SCV  
  56  9:15  Marauder, SCV  
  59  9:18  SCV  
  60  9:27  Marauder, SCV  
  60  9:30  SCV  
  64  9:39  Cyclone, SCV  
  64  9:42  SCV  
  69  9:46  Supply Depot  
  69  9:51  SCV  
  70  9:54  SCV  
  71  10:04  SCV  
  72  11:08  Cyclone  
  72  11:11  Raven  
  67  11:16  Marauder  
  67  11:17  Combat Shield  
  57  11:19  Starport  
  57  11:21  Marine, Supply Depot  
  57  11:23  Ghost Academy  
  57  11:25  Fusion Core  
  51  11:27  Marine, Engineering Bay, SCV  
  51  11:31  Armory  
  46  11:33  Marine  
  46  11:39  Marine  
  36  11:40  SCV  
  36  11:45  Marine  
  32  11:51  Marine  
  32  11:52  SCV  
  30  11:54  Medivac  
  30  11:55  Medivac  
  30  11:56  Marine  
  32  12:02  Marine  
  32  12:04  SCV  
  30  12:08  Reaper  
  30  12:14  Reaper  
  30  12:16  SCV  
  30  12:19  Marine  
  32  12:25  Marine  
  32  12:28  SCV  
  17  12:37  Marine  
  17  12:40  SCV  
  17  12:41  Factory Reactor  
  17  12:43  Marine, Factory Tech Lab  
  10  12:52  SCV  
  9  13:02  Barracks Tech Lab  
Tags
 
Composition
Mech
League
Platinum
Matchup
TvT
Race
Terran
Spawn Locations
Cross Positions
Add a new tag
Caveats
  • Supply blocks, unpowered buildings, or Contaminate may cause inaccurate times.
  • Supply counts are checked every 10 seconds.